 Dungeon Crawl Stone Soup version 0.27-a0-869-g165b36e3f0 (webtiles) character file.

Game seed: 5323795924850051841

20 Papr the Insei (level 2, -5/22 HPs)
             Began as a Demigod Transmuter on Apr 3, 2021.
             Killed by nerve-wracking pain
             ... invoked by Jessica
              (14 damage)
             ... on level 2 of the Dungeon.
             The game lasted 00:01:35 (1157 turns).

Papr the Insei (Demigod Transmuter)                 Turns: 1157, Time: 00:01:39

Health: -5/22      AC:  2    Str: 11    XL:     2   Next: 42%
Magic:  4/7        EV: 12    Int: 15    God:
Gold:   26         SH:  0    Dex: 14    Spells: 4/5 levels left

rFire    . . .     SeeInvis .     - Unarmed
rCold    . . .     Faith    .   (no shield)
rNeg     . . .     Spirit   .   a - +0 robe
rPois    .         Reflect  .   (helmet currently unavailable)
rElec    .         Harm     .   (no cloak)
rCorr    .         Rampage  .   (no gloves)
Will     .....                  (boots currently unavailable)
Stlth    +.........             (no amulet)
HPRegen  0.07/turn              (no ring)
MPRegen  0.10/turn              (no ring)

@: appendages, very slightly contaminated
A: horns 2, talons 2, high mp 1, forlorn
a: End Transformation


You were on level 2 of the Dungeon.
You had temporarily grown beastly horns and talons.
You visited 1 branch of the dungeon, and saw 2 of its levels.

You collected 26 gold pieces.

Inventory:

Armour
 a - a +0 robe (worn)
Scrolls
 b - a scroll of vulnerability {unknown}
 e - 2 scrolls of identify {unknown}
 f - a scroll of enchant weapon {unknown}
Potions
 c - a potion of brilliance {unknown}
 d - a potion of berserk rage {unknown}
 g - a potion of invisibility {unknown}


   Skills:
 - Level 0.8 Fighting
 - Level 1.8 Dodging
 - Level 2.8 Unarmed Combat
 - Level 2.0 Spellcasting
 + Level 2.6 Transmutations


You had 4 spell levels left.
You knew the following spells:

 Your Spells              Type           Power      Damage    Failure   Level
a - Beastly Appendage     Tmut           18%        N/A       8%          1

Your spell library contained the following spells:

 Spells                   Type           Power      Damage    Failure   Level
 Wereblood                Tmut           9%         N/A       12%         2
 Spider Form              Tmut/Pois      2%         N/A       36%         3
 Ice Form                 Ice/Tmut       5%         N/A       78%         4
 Hydra Form               Tmut           4%         N/A       91%         5


Dungeon Overview and Level Annotations

Branches:
Dungeon (2/15)

Annotations:
D:2 Jessica


Innate Abilities, Weirdness & Mutations

You have temporarily grown beastly horns and talons.
Your attributes grow dramatically as you level up.
You have an increased reservoir of magic. (+10% MP)
You shall have no god before yourself.


Message History

Your transformation is almost over.
Magic restored.
Jessica the Apprentice Sorceress comes into view.
She is wielding a +0 dagger and carrying a wand of digging (6).
Found a stone staircase leading down.
The helpless Jessica fails to defend herself.
You hit Jessica.
Jessica is lightly wounded.
Jessica barely misses you.
You hit Jessica but do no damage. You headbutt Jessica.
Jessica is moderately wounded.
Jessica shouts, "I don't like beings like you!"
Jessica points at you and mumbles some strange words.
Pain shoots through your body!
You barely miss Jessica.
Jessica is moderately wounded.
Your horns disappear.
Your talons disappear.
Jessica hits you with a +0 dagger.
You barely miss Jessica.
Jessica is moderately wounded.
Jessica barely misses you.
Casting: Beastly Appendage (safe; 8% risk of failure)
Confirm with . or Enter, or press ? or * to list all spells.
You miscast Beastly Appendage.
You are very lightly contaminated with residual magic.
Nothing appears to happen.
Jessica casts a spell at you.
You barely resist.
Casting: Beastly Appendage (safe; 8% risk of failure)
Confirm with . or Enter, or press ? or * to list all spells.
You miscast Beastly Appendage.
Nothing appears to happen.
Jessica gestures at you while chanting. Pain shoots through your body!
Unknown command.
Casting: Beastly Appendage (safe; 8% risk of failure)
Confirm with . or Enter, or press ? or * to list all spells.
You grow a pair of large bovine horns.
Your feet morph into talons.
Jessica gestures at you while chanting. Pain shoots through your body!
Ouch! That really hurt!
You die...

#.# #.# ##.##
######...##
..........#
######.†..#
##.#.#
#######.#.#####>#
........#.@@....#
#######.#########
#...:.#
#.....######.#
#.....<.......
#............#
#.......########
......###
########


You could see Jessica.

Vanquished Creatures
  A dart slug (D:1)
  An endoplasm (D:1)
  A giant cockroach (D:1)
  3 hobgoblins (D:1)
  2 kobolds (D:1)
  A quokka (D:1)
  2 ball pythons (D:1)
  A bat (D:1)
  2 goblins (D:1)
  4 rats
18 creatures vanquished.

Vanquished Creatures (others)
  A plant (D:1)
1 creature vanquished.

Grand Total: 19 creatures vanquished

Notes
Turn   | Place    | Note
-------+----------+-------------------------------------------
     0 | D:1      | Papr the Demigod Transmuter began the quest for the Orb.
     0 | D:1      | Reached XP level 1. HP: 15/15 MP: 5/5
   129 | D:1      | Reached XP level 2. HP: 18/22 MP: 5/7
  1149 | D:2      | Noticed Jessica
  1157 | D:2      | Killed from afar by Jessica

Illustrated notes

Levels and vault maps discovered:
D:1:      ncdulo_halloftheorcs, layout_loops_ring, serial_bayou,
          serial_bayou_pond_c, serial_bayou_lake_a, serial_bayou_pond_a,
          serial_bayou_pond_a
D:2:      layout_loops_ring, ebering_ecumenical_altar_rust, uniq_sigmund,
          uniq_jessica, uniq_robin

Skill      XL: |  1 |
---------------+----+-----
Transmutations | 2 |  2.6
Spellcasting   | 2 |  2.0
Fighting       | |  0.8
Dodging        | |  1.8
Unarmed Combat | |  2.8

Action                   || total
-------------------------++-------
Melee: Unarmed           ||    50
       Kick              ||    12
       Headbutt          ||     8
       Punch             ||     1
 Cast: Beastly Appendage ||    12
 Stab: Sleeping          ||     1
Armor: Robe              ||     6
Dodge: Dodged            ||    25

Table legend: (Time is in decaauts)
 A = Elapsed time spent in this place.
 B = Non-inter-level travel time spent in this place.
 C = Inter-level travel time spent in this place.
 D = Time resting spent in this place.
 E = Time spent auto-exploring this place.
 F = Levels seen in this place.
 G = Mean time per level.
                   A        B        C        D        E       F      G
               +--------+--------+--------+--------+--------+-----+--------+
         Total |   1197 |   1152 |     45 |    182 |    815 |   2 |  598.5 |
       Dungeon |   1197 |   1152 |     45 |    182 |    815 |   2 |  598.5 |
               +--------+--------+--------+--------+--------+-----+--------+

Top non-repeatable levels by time:
     D:1: 1167 daAuts
     D:2: 29 daAuts
